 Dungeon Crawl Stone Soup version 0.31-a0-1074-g0b22e4e0f1 (webtiles) character file.

Game seed: 9699367083930544727

4 ytrimaz the Ruffian (level 1, -4/15 HPs)
             Began as a Demonspawn Shapeshifter on Dec 8, 2023.
             Frozen to death by an endoplasm (5 damage)
             ... on level 1 of the Dungeon.
             The game lasted 00:00:19 (124 turns).

ytrimaz the Ruffian (Demonspawn Shapeshifter)        Turns: 124, Time: 00:00:19

Health: -4/15      AC:  2    Str: 14    XL:     1   Next: 50%
Magic:  1/1        EV: 12    Int: 11    God:
Gold:   25         SH:  0    Dex: 12    Spells: 0/0 levels left

rFire   . .          .
                       - Unarmed
rCold   . . .        (no shield)
rNeg    . . .        a - +0 animal skin
rPois   .            (helmet currently unavailable)
rElec   .            (cloak currently unavailable)
rCorr   .            (gloves currently unavailable)
SInv    .            (boots currently unavailable)
Will    +....        (no amulet)
Stlth   +            (no ring)
HPRegen 0.22/turn    (no ring)
MPRegen 0.07/turn

%: no passive effects
@: beast-form, enlightened, flying
A: beast (slay +1)
a: Begin Untransformation


You were on level 1 of the Dungeon.
You were a hulking beast.
You visited 1 branch of the dungeon, and saw 1 of its levels.

You collected 25 gold pieces.


   Skills:
 - Level 1.0 Fighting
 - Level 1.7 Dodging
 + Level 3.0 Unarmed Combat
 - Level 2.6 Shapeshifting


You couldn't memorise any spells.
You didn't know any spells.
Your spell library was empty.

Inventory:

Armour
 a - a +0 animal skin (worn)
Talismans
 c - a beast talisman
 d - a flux talisman
Scrolls
 e - a scroll of identify {unknown}
 h - 2 scrolls of blinking {unknown}
Potions
 b - a potion of lignification
 g - a potion of brilliance {unknown}
 i - a potion of enlightenment
 j - a potion of degeneration {unknown}

Dungeon Overview and Level Annotations

Branches:
Dungeon (1/15) Zot: 5875

Altars:

#.# #.# #.# ###
#######.# #.. .....##.#
#.# ####.##.# #.#
......#.########.#######
####..#.................
## #............hJ.....#
.###.....##.#########.##
.........†..#########
#.#..................
..#..................
..#..########'######
.†...####.........###
..#..##.............##
..#..#......#+#......#


You could see an endoplasm.


Message History

No target in view!
No target in view!
You see here a +0 quarterstaff.
You see here a +0 mace.
h - 2 scrolls labelled TOFORI HUDON No target in view!
You now have 11 gold pieces.
You open the door.
There is an open door here.
A bat comes into view.
A bat is nearby!
A ball python comes into view.
There are monsters nearby!
You hit the bat but do no damage. The bat hits you but does no damage. x2
Unknown command.
You punch the bat!
You kill the bat!
You see here a bat corpse.
The ball python bites you.
The ball python closely misses you. 😕 HP[-1]
You take 1 damage, and now have 14/15 hp.
Unknown command.
You hit the ball python. The ball python closely misses you.
The ball python grabs you. The ball python constricts you.
You hit the ball python.
You kill the ball python!
Unknown command.
No target in view! 😎 HP[+1]
Your hp is fully restored (15).
You now have 15 gold pieces (gained 4).
You now have 25 gold pieces (gained 10).
Key pressed, stopping explore.
A rat comes into view.
A rat is nearby! 2 ball pythons come into view.
The ball python hisses angrily.
The rat closely misses you. The ball python barely misses you. x2
There are monsters nearby!
You hit the ball python.
You kill the ball python!
The rat bites you but does no damage.
You hit the rat.
You kill the rat!
Unknown command.
Things that are here:
a fizzy ruby potion; a rat corpse You closely miss the ball python.
The ball python barely misses you. The ball python closely misses you.
You hit the ball python.
You kill the ball python!
Your Unarmed Combat skill increases to level 3!
Unknown command.
No target in view!
i - a fizzy ruby potion You see here a rat corpse.
You see here a +0 cloak.
i - 2 fizzy ruby potions (gained 1)
j - a smoky ruby potion An endoplasm comes into view.
An endoplasm is nearby!
An endoplasm is nearby!
An endoplasm is nearby!
The endoplasm quivers.
You hit the endoplasm but do no damage. The endoplasm hits you. 😕 HP[-1]
You take 1 damage, and now have 14/15 hp.
You hit the endoplasm. The endoplasm freezes you.
You are frozen. 😮 HP[-4]
You take 4 damage, and now have 10/15 hp.
MASSIVE DAMAGE!! (PAUSE)
You are too injured to fight recklessly!
You hit the endoplasm. The endoplasm freezes you.
You are frozen.
* * * LOW HITPOINT WARNING * * *
😨 HP[-4]
You take 4 damage, and now have 6/15 hp.
MASSIVE DAMAGE!! (PAUSE)
You hit the endoplasm but do no damage. The endoplasm freezes you.
You are frozen.
* * * LOW HITPOINT WARNING * * *
😱 HP[-4]
You take 4 damage, and now have 2/15 hp.
MASSIVE DAMAGE!! (PAUSE) It was a potion of cancellation.
You feel magically purged. The endoplasm hits you.
* * * LOW HITPOINT WARNING * * *
😱 HP[-1]
You take 1 damage, and now have 1/15 hp.
It was a potion of enlightenment.
You feel very buoyant.
You fly up into the air.
The endoplasm freezes you.
You are frozen.
You die...

Skill      XL: |  1 |
---------------+----+-----
Unarmed Combat | 3 |  3.0
Fighting       | |  1.0
Dodging        | |  1.7
Shapeshifting  | |  2.6

Action                     || total
---------------------------++-------
  Melee: Unarmed           ||    12
    Use: Potion            ||     2
 Armour: Animal skin       ||     6
  Dodge: Dodged            ||     7

Levels and vault maps discovered:
D:1:      dpeg_arrival_refuge, layout_loops_ring,
          hellmonk_ecumenical_altar_dog_temple, grunt_decor_fettered,
          minivault_24, amcnicky_mini_rare_corridor_liquid

Notes
Turn   | Place    | Note
-------+----------+-------------------------------------------
     0 | D:1      | ytrimaz the Demonspawn Shapeshifter began the quest for the
                  | Orb.
     0 | D:1      | Reached XP level 1. HP: 15/15 MP: 1/1
     0 | D:1      | magus.rc [v1.9.6]
    69 | D:1      | Reached skill level 3 in Unarmed Combat
   122 | D:1      | HP: 2/15 [frozen (4)]
   124 | D:1      | Frozen to death by an endoplasm

Vanquished Creatures
  3 ball pythons (D:1)
  A bat (D:1)
  A rat (D:1)
5 creatures vanquished.

Table legend:
 A = Non-vault XP
 B = Vault XP
 C = Vault XP percentage of total XP
 D = Non-vault monster count
 E = Vault monster count
 F = Vault count percentage of total count
                 A         B        C        D         E       F
            +---------+---------+-------+---------+---------+-------
      Total |       6 |       0 |   0.0 |       5 |       0 |   0.0
            +---------+---------+-------+---------+---------+-------
        D:1 |       6 |       0 |   0.0 |       5 |       0 |   0.0
            +---------+---------+-------+---------+---------+-------

Skill      XL: |  1 |
---------------+----+-----
Unarmed Combat | 3 |  3.0
Fighting       | |  1.0
Dodging        | |  1.7
Shapeshifting  | |  2.6

Action                     || total
---------------------------++-------
  Melee: Unarmed           ||    12
    Use: Potion            ||     2
 Armour: Animal skin       ||     6
  Dodge: Dodged            ||     7

Illustrated notes

Table legend:
 A = Kills in this place as a percentage of kills in the entire game.
 B = Kills by you in this place as a percentage of kills by you in the entire game.
 C = Kills by friends in this place as a percentage of kills by friends in the entire game.
 D = Other kills in this place as a percentage of other kills in the entire game.
 E = Experience gained in this place as a percentage of experience gained in the entire game.
 F = Experience gained in this place divided by the number of levels of this place that you have seen.
                   A       B       C       D       E      F
               +-------+-------+-------+-------+-------+----------------------
         Total | 100.0 | 100.0 |   N/A |   N/A | 100.0 |   6.0
       Dungeon | 100.0 | 100.0 |   N/A |   N/A | 100.0 |   6.0
               +-------+-------+-------+-------+-------+----------------------

Table legend: (Time is in decaauts)
 A = Elapsed time spent in this place.
 B = Non-inter-level travel time spent in this place.
 C = Inter-level travel time spent in this place.
 D = Time resting spent in this place.
 E = Time spent auto-exploring this place.
 F = Levels seen in this place.
 G = Mean time per level.
                   A        B        C        D        E       F      G
               +--------+--------+--------+--------+--------+-----+--------+
         Total |    123 |    123 |      0 |      0 |     88 |   1 |  123.0 |
       Dungeon |    123 |    123 |      0 |      0 |     88 |   1 |  123.0 |
               +--------+--------+--------+--------+--------+-----+--------+

Top non-repeatable levels by time:
     D:1: 123 daAuts
